[Event "Polish University-ch Open 2024"]
[Site "Lublin"]
[Date "2024.02.23"]
[Round "2.4"]
[White "Psyk, Radoslaw"]
[Black "Lukasiewicz, Aleksander"]
[Result "1-0"]
[ECO "C60"]
[WhiteElo "2461"]
[BlackElo "1937"]
[Annotator "TA"]
[PlyCount "77"]
[EventDate "2024.02.22"]
[EventType "swiss"]
[EventCountry "POL"]
[SourceTitle "playchess.com"]
[Source "ChessBase"]
[SourceQuality "1"]
[TimeControl "600+3"]

1. e4 e5 2. Nf3 Nc6 3. Bb5 g6 4. d4 exd4 5. Bg5 f6 6. Bf4 Nge7 7. Nxd4 Bg7 8. Bc4 (8. Nc3 $14) 8... Na5 (8... f5 $11 9. Nxc6 bxc6) 9. Bd3 O-O (9... f5 {is interesting.} 10. Nxf5 gxf5 11. Qh5+ Kf8) 10. Nc3 Nac6 (10... f5 $11 11. e5 d5) 11. Nxc6 $16 bxc6 12. O-O (12. Bc4+ $16 Kh8 13. Qe2) 12... d6 $14 13. Bc4+ Kh8 14. Qd2 {[%emt 0:00:08] White has more active pieces. The black rooks are passive.} f5 15. Bg5 ({Better is} 15. Rae1 $16) 15... fxe4 $11 16. Nxe4 d5 $1 17. Rfe1 dxe4 (17... h6 $11 18. Bh4 Bf5 (18... dxc4 19. Qxd8 Rxd8 20. Bxe7 $11) (18... g5 19. Nxg5 hxg5 20. Qxg5 $14) 19. Bxe7 Qxe7) 18. Qxd8 $16 Rxd8 19. Bxe7 (19. Rxe4 $142 $1 Bf5 20. Rxe7) 19... Rd2 20. Rad1 $36 {[%emt 0:00:00][%mdl 2048] White is in control.} Rxd1 21. Rxd1 {[%emt 0:00:00] [#] White threatens Rd8+ and mate.} Bg4 22. Rb1 Re8 23. Bc5 a5 24. a4 ({White should try} 24. b4 $16 e3 25. f3 (25. bxa5 e2 $14) (25. Bxe3 a4 $16)) 24... Rb8 $2 {[%emt 0:00:54] [#] This costs Black the game.} (24... Rd8 $14) 25. h3 $18 Bf5 26. g4 Bd7 27. Rd1 Be8 28. b3 (28. b4 $142 axb4 29. a5) 28... g5 $2 (28... h6 {is a better defense.} 29. Kf1 (29. Re1 g5 $16) 29... g5) 29. Be6 Bg6 30. Be3 h6 31. Rd7 Re8 32. Bf7 Bxf7 33. Rxf7 {[%emt 0:00:00][%mdl 4096] Endgame. KRB-KRB} Rc8 34. Re7 Rd8 35. Rxe4 ({Much less strong is} 35. Rxc7 Rd6 36. Kf1 Kg8 $18) 35... Rd1+ 36. Kg2 {[%emt 0:00:01] White is clearly winning.} Ra1 37. Rc4 Rd1 38. Rxc6 Rd7 39. Rc5 {[%emt 0:00:03] Weighted Error Value: White=0.25 (precise) /Black=0.52.  Loses game:     	---       	Black=1      Mistake:       	White=6     	Black=4      Inaccurate:     	White=4     	Black=4      OK:         	White=14    	Black=8      Best:        	White=4     	Black=2      Strong:       	---       	Black=1} 1-0

[Event "Polish University-ch Open 2024"]
[Site "Lublin"]
[Date "2024.02.23"]
[Round "2.5"]
[White "Rosicki, Marcin"]
[Black "Niedbala, Bartlomiej"]
[Result "0-1"]
[ECO "B02"]
[WhiteElo "2032"]
[BlackElo "2382"]
[Annotator "TA"]
[PlyCount "46"]
[EventDate "2024.02.22"]
[EventType "swiss"]
[EventCountry "POL"]
[SourceTitle "playchess.com"]
[Source "ChessBase"]
[SourceQuality "1"]
[TimeControl "600+3"]

1. e4 Nf6 2. Nc3 d5 3. exd5 Nxd5 4. Bc4 Nb6 5. Bb3 c5 6. d3 Nc6 7. a4 Nd4 8. Ba2 Bf5 9. Nf3 {[%emt 0:01:33] White has an edge.} e6 $1 10. Nxd4 cxd4 11. Ne4 Be7 12. O-O O-O 13. Bf4 (13. a5 $11 {keeps the balance.} Nd7 14. Bf4) 13... Nxa4 $17 14. Bb3 Nb6 ({Stronger than} 14... Nxb2 15. Qb1 $14) 15. Qd2 {[%emt 0:00:20] Against a5} Nd5 16. Bxd5 ({Better is} 16. Ra4) 16... Qxd5 17. Ra5 Qc6 18. Be5 Rfd8 19. Ng3 Bg6 {[%emt 0:00:04] [#] And now ...b6 would win.} 20. Ne2 Bc5 21. Qf4 $2 (21. Raa1 {might work better.}) 21... Bb6 22. Raa1 f6 ({Resist} 22... Qxc2 23. Nxd4 Qc5 (23... Qxb2 24. Nxe6 $14) (23... Qxd3 $2 24. Nf3 $19) 24. Nb3 $19) 23. Nxd4 Qd7 {[%emt 0:00:38] Weighted Error Value: White=0.35/Black=0.07 (flawless) .  Mistake:       	White=3     	---        Inaccurate:     	White=3     	---        OK:         	White=5     	Black=6      Strong:       	---       	Black=1} 0-1

[Event "Polish University-ch Open 2024"]
[Site "Lublin"]
[Date "2024.02.23"]
[Round "2.6"]
[White "Baum, Jonasz"]
[Black "Iwanczuk, Krzysztof"]
[Result "1-0"]
[ECO "C78"]
[WhiteElo "2400"]
[BlackElo "2014"]
[Annotator "TA"]
[PlyCount "74"]
[EventDate "2024.02.22"]
[EventType "swiss"]
[EventCountry "POL"]
[SourceTitle "playchess.com"]
[Source "ChessBase"]
[SourceQuality "1"]
[TimeControl "600+3"]

1. e4 e5 2. Nf3 Nc6 3. Bb5 a6 4. Ba4 Nf6 5. O-O b5 6. Bb3 Bc5 7. a4 Rb8 8. c3 d6 9. d4 Bb6 10. a5 Ba7 11. h3 Bb7 12. Be3 {[%emt 0:00:16] Threatening d5. White has an edge.} Nxe4 13. Nbd2 Nxd2 14. Qxd2 O-O 15. dxe5 Bxe3 16. Qxe3 {[%emt 0:00:02] Hoping for e6.} Nxe5 17. Nxe5 dxe5 18. Qxe5 Qd2 (18... Re8 $14 19. Qf4 Re7) 19. Rab1 $2 {[%emt 0:01:49] [#]} ({White should play} 19. Qxc7 $18 b4 20. Ra4 bxc3 21. Bxf7+ (21. Qxc3 Qxc3 22. bxc3 Bxg2 $11) (21. bxc3 Qd8 $18) 21... Kh8 22. bxc3 (22. Qxc3 $2 Qxc3 23. bxc3 Rxf7 $19)) 19... Rbe8 $11 20. Qxc7 Be4 $40 {[%emt 0:00:03][%mdl 128] White needs to defend precisely.} 21. Ra1 Qxb2 22. Ba2 Rc8 23. Qa7 (23. Bxf7+ $1 $11 {keeps the balance.} Kh8 24. Qd7) 23... Rc6 (23... Rxc3 $17 {[%cal Oc3g3] White must now prevent ...Rg3!} 24. Qe7 Bg6) 24. Rfd1 {[%emt 0:00:17][%cal Oa7f7] [#] White threatens Qxf7+! and mate.} h6 {[%emt 0:00:03][%cal Oc6g6] ...Rg6! is the strong threat.} (24... Qxc3 25. Qxf7+ Rxf7 26. Rd8#) 25. Re1 $2 (25. Bxf7+ $11 Rxf7 26. Rd8+ Kh7 27. Qxf7 Qxa1+ 28. Kh2 Bxg2 (28... Qxa5 $2 {perishes.} 29. Qg8+ Kg6 30. Qe8+ Kf6 31. Rd7 $18) 29. Qg8+ Kg6 30. Kxg2 Qxc3 31. Qe8+ Kh7 32. Qg8+ Kg6 33. Qe8+ Kh7 34. h4) 25... Rg6 26. g4 Qxc3 (26... h5 $19 27. Qd4 Ba8) 27. Qe3 $17 Qxe3 (27... Qxa5 $2 {too greedy.} 28. Bxf7+ (28. Qxe4 Qb6 $18) 28... Rxf7 29. Rxa5 $18) 28. Rxe3 Bf5 ({Black should try} 28... Bc6 $17 29. Rc1 Rd8) 29. Rc1 $11 h5 30. f3 hxg4 31. hxg4 Rd8 32. Rce1 ({Better is} 32. Rc7 $11 Rd1+ 33. Kf2 Rd2+ 34. Re2 Rxe2+ 35. Kxe2) 32... Rd2 $2 (32... Kf8 $1 $15) 33. Re8+ $18 Kh7 34. Bxf7 Rf6 35. Bg8+ Kh6 36. gxf5 Kg5 $2 (36... Rxf5 37. R1e2 Rxe2 38. Rxe2 Rxf3) 37. R8e6 (37. Be6 $142 Kf4 38. Rg8) 37... Rxf5 {[%emt 0:00:08] White used his chance.   Weighted Error Value: White=0.52/Black=0.52.  Loses game:     	White=1     	Black=1      Missed win:     	White=1     	---        Mistake:       	White=3     	Black=5      Inaccurate:     	White=2     	Black=2      OK:         	White=5     	Black=8      Best:        	White=4     	Black=2} 1-0

[Event "Polish University-ch Open 2024"]
[Site "Lublin"]
[Date "2024.02.23"]
[Round "2.7"]
[White "Choina, Michal"]
[Black "Mis, Mieszko"]
[Result "0-1"]
[ECO "B07"]
[WhiteElo "1914"]
[BlackElo "2325"]
[Annotator "RC"]
[PlyCount "72"]
[EventDate "2024.02.22"]
[EventType "swiss"]
[EventCountry "POL"]
[SourceTitle "playchess.com"]
[Source "ChessBase"]
[SourceQuality "1"]
[TimeControl "600+3"]

1. e4 d6 2. d4 Nf6 3. Nc3 c6 4. f4 Qa5 5. Bd2 Qb6 6. Nf3 Bg4 7. Na4 Qc7 8. e5 Ne4 9. Bd3 Nxd2 10. Qxd2 Bxf3 11. gxf3 e6 12. Rg1 g6 13. b3 Bh6 14. Rg4 Nd7 15. Rh4 Bg7 16. Nc3 dxe5 17. fxe5 Nxe5 18. dxe5 Qxe5+ 19. Re4 Qxc3 20. Rd1 Qc5 21. Qf2 Qa5+ 22. Kf1 O-O-O 23. Ra4 Qb6 24. Qg3 Rd7 25. a3 Rhd8 26. Rb4 Qc7 27. Qh4 h5 28. Ra4 a6 29. Ke2 Rd4 30. Rxd4 Rxd4 31. Qf2 Qe5+ 32. Kf1 Qd6 33. Re1 Be5 34. Kg1 Rxd3 35. cxd3 Bd4 36. Re3 Qc5 0-1

[Event "Polish University-ch Open 2024"]
[Site "Lublin"]
[Date "2024.02.23"]
[Round "2.8"]
[White "Kowalski, Igor"]
[Black "Kucharski, Bartlomiej"]
[Result "1-0"]
[ECO "E73"]
[WhiteElo "2372"]
[BlackElo "1997"]
[Annotator "RC"]
[PlyCount "101"]
[EventDate "2024.02.22"]
[EventType "swiss"]
[EventCountry "POL"]
[SourceTitle "playchess.com"]
[Source "ChessBase"]
[SourceQuality "1"]
[TimeControl "600+3"]

1. d4 Nf6 2. c4 g6 3. Nc3 Bg7 4. e4 d6 5. Be2 O-O 6. Be3 Nc6 7. d5 Nb8 8. g4 c6 9. g5 Ne8 10. h4 f5 11. gxf6 exf6 12. h5 f5 13. hxg6 hxg6 14. Qd2 Qf6 15. exf5 Bxf5 16. O-O-O Nd7 17. Nf3 c5 18. Ng5 Nc7 19. Nh7 Qe7 20. Nxf8 Rxf8 21. Bh6 a6 22. Bxg7 Qxg7 23. Rdg1 b5 24. f4 Nb6 25. Bd3 Nxc4 26. Bxc4 bxc4 27. Re1 Nb5 28. Nxb5 axb5 29. Qc3 Qxc3+ 30. bxc3 b4 31. Re7 Rf7 32. Rh8+ Kg7 33. Rxf7+ Kxf7 34. cxb4 cxb4 35. Rb8 b3 36. axb3 cxb3 37. Rxb3 Be4 38. Rb5 Kf6 39. Kd2 Kf5 40. Ke3 Bg2 41. Kd4 Kxf4 42. Rb6 g5 43. Rxd6 g4 44. Rf6+ Kg5 45. Rf8 g3 46. d6 Bc6 47. Ke3 g2 48. Kf2 Kg6 49. Rc8 Bb5 50. Rc5 Bd7 51. Rc7 1-0

[Event "Polish University-ch Open 2024"]
[Site "Lublin"]
[Date "2024.02.23"]
[Round "2.9"]
[White "Majdanski, Maksymilian"]
[Black "Szustakowski, Antoni"]
[Result "0-1"]
[ECO "D24"]
[WhiteElo "2002"]
[BlackElo "2354"]
[Annotator "TA"]
[PlyCount "103"]
[EventDate "2024.02.22"]
[EventType "swiss"]
[EventCountry "POL"]
[SourceTitle "playchess.com"]
[Source "ChessBase"]
[SourceQuality "1"]
[TimeControl "600+3"]

1. d4 Nf6 2. c4 e6 3. Nf3 d5 4. Nc3 dxc4 5. e4 Bb4 6. Bxc4 Nxe4 7. O-O Nf6 8. Qa4+ Nc6 9. Bg5 O-O 10. Bb5 a5 11. Bxc6 bxc6 12. Ne4 Ba6 13. Rfc1 Rb8 $2 {[%emt 0:00:01] [#]} (13... Bd3 $11 {and Black stays safe.} 14. Nxf6+ gxf6) 14. Ne5 $1 $18 (14. Qxc6 Bb7 15. Bxf6 gxf6 $15) (14. Rxc6 $2 Bb5 15. Qc2 Qd5 (15... Bxc6 $2 16. Qxc6 Be7 17. Nxf6+ Bxf6 18. Bxf6 $19) 16. Bxf6 Qxc6 $19 (16... Bxc6 $2 17. Neg5 $19)) (14. Nxf6+ $6 gxf6 15. Bh6 Re8 $14) 14... Bb5 15. Qd1 (15. Qc2 $18 {Black must now prevent a4.} Be7 16. a4 Qxd4 17. Bxf6 gxf6 18. Nf3 (18. Nxc6 $2 Bxc6 19. Qxc6 Rfc8 $19)) 15... Be7 $14 16. Nxf6+ Bxf6 (16... gxf6 $6 17. Bh6 fxe5 18. Qg4+ $16) 17. Bxf6 (17. Nxc6 $2 Bxc6 18. Bxf6 Qxf6 $19) 17... gxf6 18. Nf3 Kh8 (18... a4 $11) 19. Rc5 (19. a4 $14 Ba6 20. Qd2) 19... a4 $1 $11 20. Qd2 Rg8 21. Qf4 Rg6 22. Nh4 (22. g3 $11) 22... Rg5 $1 $15 23. Rac1 {[%emt 0:00:13] [#]} ({Better is} 23. h3) 23... Qe7 (23... Rxc5 $1 $17 24. dxc5 Qe7) 24. g3 Rd8 25. a3 (25. R5c3 $15) 25... Rgd5 $17 26. Nf3 Kg7 (26... Rxc5 $17 27. Rxc5 e5) 27. h4 Kh8 (27... h5 $15 {might be stronger.}) 28. Kg2 R8d6 29. R1c3 Rxc5 30. Rxc5 Rd5 31. Rxd5 cxd5 32. h5 Bd3 33. h6 Be4 34. Kh2 Bxf3 35. Qxf3 f5 $1 36. Qf4 f6 37. Kg2 Kg8 38. Qd2 Kf7 39. Qa5 Qd7 40. Qc5 (40. Qc3 $11 {remains equal.}) 40... Kg6 (40... e5 $17 41. Kh2 Kg6) 41. Qf8 (41. f4 $1 $11) 41... e5 $1 $15 42. dxe5 $1 fxe5 43. f4 $1 exf4 44. gxf4 d4 (44... Qf7 $17 45. Qa8 d4 (45... Kxh6 46. Qxa4 Kg6 47. Qd4 $11) 46. Qc6+ Kh5 47. Qxa4 Qd5+ (47... Kxh6 48. Qxd4 Kg6 49. a4 $14) 48. Kf2 Kg4 (48... Kxh6 49. Qe8 $11) 49. Qd1+ Kxf4) 45. Kg3 $2 (45. Qg8+ $11 Kf6 (45... Kxh6 46. Qg5#) 46. Kg3) 45... d3 $2 (45... Qf7 $19 46. Qd8 Qf6 (46... Kxh6 47. Qg5#) 47. Qxc7 Kxh6) 46. Qg8+ $11 Kf6 $1 (46... Kxh6 47. Qg5#) 47. Qf8+ (47. Qh8+ $11 Kg6 (47... Ke6 48. Qe5+ Kf7 49. Qg7+ Ke6 50. Qe5+ Kf7 51. Qg7+ Ke6 52. Qe5+ $11) 48. Qg8+ Kf6 (48... Kxh6 49. Qg5#) 49. Qh8+ Ke6 50. Qe5+ Kf7 51. Qg7+ Ke6 52. Qe5+ Kf7 53. Qg7+ Ke6 54. Qe5+) 47... Ke6 ({Black should try} 47... Qf7 $1 $15 48. Qd8+ Qe7 49. Qxd3 Qe1+ 50. Kf3 Qh1+ 51. Ke3 Qg1+ (51... Qxh6 52. Qd8+ Kg6 53. Qe8+ Kg7 54. Qd7+ Kg8 55. Qe8+ Kg7 56. Qd7+ Kg8 57. Qxa4 $11) 52. Ke2 Qg4+ 53. Ke3 (53. Qf3 $2 Kg6 $19) 53... Qg3+ 54. Ke2 Qxf4) 48. Qg8+ $11 Kd6 49. Qc4 $1 d2 50. Qd3+ $2 (50. Qd4+ $11 Kc6 51. Qxa4+ Kd6 52. Qd4+ Kc6 53. Qa4+ Kd6 54. Qd4+ Ke6 55. Qe5+ Kf7 56. Qg7+ Ke6 57. Qe5+ Kf7 58. Qg7+ Ke8 (58... Ke6 59. Qe5+ $11) 59. Qh8+ Ke7 60. Qxh7+ Kd6 61. Qxd7+ (61. Qg6+ $2 Kc5 $19) 61... Kxd7 62. h7) 50... Ke6 51. Qc4+ Qd5 52. Qe2+ 0-1

[Event "Polish University-ch Open 2024"]
[Site "Lublin"]
[Date "2024.02.23"]
[Round "2.10"]
[White "Molenda, Marcin"]
[Black "Maciejewski, Kamil"]
[Result "1/2-1/2"]
[ECO "B38"]
[WhiteElo "2377"]
[BlackElo "1949"]
[Annotator "RC"]
[PlyCount "129"]
[EventDate "2024.02.22"]
[EventType "swiss"]
[EventCountry "POL"]
[SourceTitle "playchess.com"]
[Source "ChessBase"]
[SourceQuality "1"]
[TimeControl "600+3"]

1. Nf3 c5 2. e4 g6 3. d4 cxd4 4. Nxd4 Bg7 5. c4 Nc6 6. Be3 Nf6 7. Nc3 O-O 8. f3 d6 9. Qd2 Bd7 10. Be2 Nxd4 11. Bxd4 Bc6 12. O-O Nd7 13. Bf2 a5 14. Rad1 a4 15. Rfe1 Qa5 16. Nd5 Bxd5 17. Qxd5 Qxd5 18. Rxd5 Bxb2 19. Rb5 Bf6 20. Rxb7 Nc5 21. Rb5 Rfc8 22. Rd1 Rab8 23. Rdb1 Ra8 24. g3 a3 25. Rc1 Na4 26. Rb3 Nc5 27. Rb4 Rab8 28. Rcb1 Bb2 29. Rxb8 Rxb8 30. Bd1 Rb4 31. Kf1 Rxc4 32. Ke2 Rc1 33. Rxc1 Bxc1 34. Bc2 Kf8 35. h4 h5 36. e5 Bb2 37. exd6 exd6 38. g4 Bf6 39. Be1 Ne6 40. Ke3 Bb2 41. Bb4 Ke7 42. Ke4 Nc5+ 43. Kd5 Bc1 44. Bd1 Bb2 45. gxh5 gxh5 46. f4 Bc1 47. Bxh5 Bxf4 48. Bxa3 Bg3 49. Be2 Bxh4 50. Bb4 Bf2 51. Bb5 f5 52. a4 Nxa4 53. Bxd6+ Kf6 54. Bxa4 Be1 55. Bc2 Bf2 56. Bc7 Be1 57. Bd8+ Kf7 58. Bxf5 Ke8 59. Bg5 Kf7 60. Bd3 Ba5 61. Ke5 Bc3+ 62. Kf5 Bb2 63. Bc4+ Kg7 64. Be7 Bc3 65. Ke4 1/2-1/2

[Event "Polish University-ch Open 2024"]
[Site "Lublin"]
[Date "2024.02.23"]
[Round "2.11"]
[White "Pytel, Maciej"]
[Black "Nowak, Mikolaj"]
[Result "0-1"]
[ECO "A02"]
[WhiteElo "1965"]
[BlackElo "2317"]
[Annotator "TA"]
[PlyCount "92"]
[EventDate "2024.02.22"]
[EventType "swiss"]
[EventCountry "POL"]
[SourceTitle "playchess.com"]
[Source "ChessBase"]
[SourceQuality "1"]
[TimeControl "600+3"]

1. f4 g6 2. Nf3 Bg7 3. g3 Nc6 4. Bg2 f5 5. c3 Nf6 6. d3 O-O 7. O-O d6 8. Nbd2 {[%emt 0:00:18] The position is equal.} e5 9. Qb3+ Kh8 10. Ng5 Qe7 11. e4 (11. Nc4 $11 {remains equal.}) 11... exf4 $17 12. gxf4 h6 13. Nh3 Ng4 (13... Nh5 $17 14. Qd1 a5) 14. Nf3 (14. exf5 $15 {should be considered.} Qe3+ (14... gxf5 15. Nf2 $11) (14... Rxf5 15. Ne4 $15) (14... Bxf5 15. Qxb7 Qe3+ 16. Nf2 $16) 15. Nf2 Nxf2 (15... Bxf5 16. Qxb7 Nxf2 17. Rxf2 $14) (15... Rxf5 $2 16. Nde4 $18) (15... Qxf4 16. Nxg4 Qxg4 17. Nc4 $17) 16. Rxf2) 14... Rb8 (14... fxe4 $17 15. dxe4 Qxe4) 15. Bd2 Be6 16. Qc2 Rbe8 17. Rae1 Qd8 (17... Bxa2 18. exf5 (18. b3 d5 $16) 18... Qf7 19. fxg6 $18) (17... fxe4 $15 18. Rxe4 d5) 18. Nf2 $11 Nf6 (18... Nxf2 $11 19. Rxf2 Qd7) 19. b3 (19. Nh4 $14 Ne7 20. exf5 Bxf5 21. Nh1) 19... Nh5 20. e5 (20. Qc1 $11 {keeps the balance.}) 20... dxe5 $17 21. Nxe5 Nxe5 22. fxe5 Bd5 23. d4 {[%emt 0:00:11] [#]} c5 $1 24. Qd3 (24. Bxd5 Qxd5) 24... Bxg2 25. Kxg2 cxd4 26. cxd4 Qd5+ 27. Kg1 Rd8 28. Bc3 Rc8 ({Better is} 28... Nf4 $17 29. Qg3 Rc8 (29... g5 30. Nd3 $11)) 29. Ba1 (29. Nd1 $11) 29... Rfd8 {[%emt 0:00:00] Black is more active.} 30. Qe3 $2 {[%emt 0:00:11] Repels Rc1. Loses the game.} (30. Qd2 $11 {and White is okay.}) 30... Rc2 $19 {[%emt 0:00:02][%cal Og6g5] [#] And now ...g5! would win.} 31. a4 $2 (31. Rd1) 31... Rdc8 (31... g5 $142 32. b4 Ra2 (32... Nf4 $2 33. Qg3 $19)) 32. e6 Re8 33. e7 Rc7 $40 {[%emt 0:00:11][%mdl 128] White must now prevent ...Rcxe7. Black wants a kill.} 34. Qe6 (34. Nd3 $142) 34... Qxe6 35. Rxe6 Nf4 {[%emt 0:00:02] Dodges Nd3} ({Don't play} 35... Rcxe7 36. Rxe7 Rxe7 37. Nd3) (35... Rexe7 $2 36. Rxg6 Nf4 37. d5 $17) 36. Re3 Rcxe7 37. Rxe7 Rxe7 38. Nd1 Ne2+ 39. Kf2 Bxd4+ 40. Bxd4+ Nxd4 {[%emt 0:00:02][%mdl 4096] Endgame. KRN-KRN} 41. b4 Kg7 42. Ne3 Nc6 43. b5 Ne5 44. Rd1 Rd7 45. Ra1 f4 46. Ng2 Rd2+ {[%emt 0:00:08] Weighted Error Value: White=0.51/Black=0.34.  Loses game:     	White=1     	---        Mistake:       	White=7     	Black=6      Inaccurate:     	White=3     	Black=4      OK:         	White=9     	Black=15     Best:        	White=3     	Black=4} 0-1

[Event "Polish University-ch Open 2024"]
[Site "Lublin"]
[Date "2024.02.23"]
[Round "2.12"]
[White "Pacan-Milej, Kosma"]
[Black "Litner, Igor"]
[Result "0-1"]
[ECO "D36"]
[WhiteElo "2438"]
[BlackElo "2000"]
[Annotator "TA"]
[PlyCount "70"]
[EventDate "2024.02.22"]
[EventType "swiss"]
[EventCountry "POL"]
[SourceTitle "playchess.com"]
[Source "ChessBase"]
[SourceQuality "1"]
[TimeControl "600+3"]

1. d4 Nf6 2. c4 e6 3. Nc3 d5 4. cxd5 exd5 5. Bg5 c6 6. e3 Be7 7. Bd3 h6 8. Bh4 O-O 9. Qc2 Ne8 10. Bxe7 Qxe7 11. Nf3 Nd6 {[%emt 0:00:15] The position is equal.} 12. O-O Qf6 13. b4 a6 14. a4 Bf5 15. Bxf5 Qxf5 16. Qxf5 Nxf5 17. Ne5 f6 18. Nd3 Nd7 19. Nc5 Nxc5 20. bxc5 Rae8 21. Rab1 Rf7 22. Rb6 g5 23. Rfb1 {[%emt 0:01:13][%cal Og2g4] g4! is the strong threat.} Ree7 24. Ne2 Ng7 25. g4 f5 26. gxf5 Nxf5 27. Nc1 Nh4 28. Nb3 Re4 {[%emt 0:00:58] [#] ...Rg4+ would now be deadly.} 29. Nd2 $2 {[%emt 0:02:34][%mdl 8192] White does not recover from this.} (29. Kf1 $11) 29... Rg4+ $19 30. Kh1 Rxf2 {[%emt 0:00:01] Black mates.} 31. Rxb7 Rgg2 32. Nf1 {[%emt 0:00:49] [#]} Nf3 $1 ({Stronger than} 32... h5 33. Rc7 $11) 33. Rb8+ Kg7 34. R1b7+ Kg6 35. Rg8+ Kh5 {[%emt 0:00:00] Weighted Error Value: White=0.40/Black=0.05 (flawless) .  Loses game:     	White=1     	---        Inaccurate:     	White=3     	Black=1      OK:         	White=10    	Black=6      Best:        	---       	Black=2} 0-1

[Event "Polish University-ch Open 2024"]
[Site "Lublin"]
[Date "2024.02.23"]
[Round "2.13"]
[White "Cichon, Jakub"]
[Black "Koziorowicz, Michal"]
[Result "0-1"]
[ECO "B78"]
[WhiteElo "1964"]
[BlackElo "2324"]
[Annotator "TA"]
[PlyCount "62"]
[EventDate "2024.02.22"]
[EventType "swiss"]
[EventCountry "POL"]
[SourceTitle "playchess.com"]
[Source "ChessBase"]
[SourceQuality "1"]
[TimeControl "600+3"]

1. e4 c5 2. Nf3 d6 3. d4 cxd4 4. Nxd4 Nf6 5. Nc3 g6 6. Bc4 Bg7 7. Be3 O-O 8. f3 Nc6 9. Qd2 Bd7 10. O-O-O Rc8 11. Bb3 Ne5 12. Kb1 Re8 13. g4 {[%emt 0:00:52] Threatening h4.} b5 $1 14. h4 {[%emt 0:00:51][%cal Oh4h5] And now h5! would win.} (14. a3 $5) 14... b4 15. Nd5 (15. Ncb5 $11) 15... Nxd5 $17 16. Bxd5 {[%emt 0:01:00][%cal Oh4h5] [#]} e6 $1 17. Bb7 (17. Bb3 $17 a5 18. h5) 17... Nc4 $19 18. Qe2 Rc5 19. Ba6 ({Much weaker is} 19. Nxe6 Qf6 20. Nd4 Nxe3 21. Qxe3 Rc4 $19) 19... Nxe3 20. Qxe3 Qb6 21. Be2 Rec8 $36 {[%emt 0:00:05][%mdl 2048] Keeping White busy.} 22. Rd2 (22. Rhe1 $17 {was worth a try.}) 22... Ba4 {[%emt 0:00:36] Hoping for ...Bxd4. A strong pair of Bishops.} 23. Nb3 Bxb3 24. axb3 {[%emt 0:00:03] [#] White is weak on the dark squares} (24. Qxb3 Be5 25. Bd3) 24... Rxc2 $2 25. Qxb6 $2 (25. Rxc2 Rxc2 (25... Qxe3 $2 26. Rxc8+ Bf8 27. Bd1 $19) 26. Qxb6 Rxb2+ 27. Kc1 axb6 28. Bc4) 25... Rxd2 26. Qb7 Rxb2+ {[%emt 0:00:03] Black mates.} 27. Ka1 Rxe2+ 28. Kb1 Rb2+ 29. Ka1 Rh2+ 30. Kb1 Rxh1+ 31. Ka2 Rc2# {[%emt 0:00:01] Black took control after the opening.   Weighted Error Value: White=1.00/Black=0.26 (precise) .  Mistake:       	White=5     	Black=1      Inaccurate:     	White=1     	---        OK:         	White=4     	Black=3      Best:        	---       	Black=5      Strong:       	---       	Black=2} 0-1

[Event "Polish University-ch Open 2024"]
[Site "Lublin"]
[Date "2024.02.23"]
[Round "2.14"]
[White "Walter, Szymon"]
[Black "Poplawski, Maciej"]
[Result "1-0"]
[ECO "C01"]
[WhiteElo "2305"]
[BlackElo "1900"]
[Annotator "TA"]
[PlyCount "89"]
[EventDate "2024.02.22"]
[EventType "swiss"]
[EventCountry "POL"]
[SourceTitle "playchess.com"]
[Source "ChessBase"]
[SourceQuality "1"]
[TimeControl "600+3"]

1. e4 c6 2. d4 d5 3. f3 Nf6 4. e5 Nfd7 5. f4 e6 6. Nf3 c5 7. c3 Nc6 8. Be3 Qb6 9. Qd2 Be7 10. Be2 O-O {[%emt 0:00:13] Weiß steht etwas besser.} 11. O-O f6 12. Bd3 cxd4 13. cxd4 Nb4 14. Be2 Nc6 15. Nc3 {[%emt 0:00:07] Damit ist Schwarz auf der Verliererstraße.} Re8 16. Rac1 Nf8 (16... Qd8 $16) 17. exf6 Bxf6 18. Ne5 Ne7 19. g4 {[%emt 0:00:14][%cal Bg2g4,Bg4g5][%mdl 32] Weiß steht deutlich aktiver. Die schwarzen Türme stehen passiv.} Neg6 (19... Nc6 $16 20. Kh1 a6) 20. g5 Bxe5 21. dxe5 Qa5 22. Nb5 Qxd2 23. Bxd2 {[%emt 0:00:02] Nc7 ist eine echte Drohung.} Rd8 {[%emt 0:01:20] Schwarz hat schwache schwarze Felder} (23... Re7 {war angesagt.} 24. Nd4 Rf7) 24. Rc7 $18 Bd7 25. Nd6 (25. Rxb7 Rab8 26. Rxb8 Rxb8 $16) 25... b6 26. Rfc1 Nh4 27. Kf2 Nf5 28. Bd3 g6 29. Rb7 Rdb8 30. Rxb8 Rxb8 31. Rc7 Ra8 (31... a5 $142 32. b3 Nxd6) 32. Ba6 Ne7 $2 {[%emt 0:00:13] [#]} (32... h5 33. Bb4 (33. gxh6 Nxh6 34. Bb4 g5 $16) 33... Ng7) 33. Bb4 {[%emt 0:00:08] Weiß steht klar auf Gewinn.} Nc6 34. Bb7 Nxb4 35. Bxa8 a6 36. Ke3 Nxa2 37. Bc6 Bxc6 38. Rxc6 {[%emt 0:00:02][%mdl 4096] Endspiel. KRN-KNN} a5 39. Rxb6 Nb4 40. Rb7 Nc6 41. Nb5 Nd8 42. Rc7 Nf7 43. Nd4 h6 44. h4 hxg5 45. hxg5 {[%emt 0:00:01] Gewichteter Fehlerwert: Weiß=0.08 (makellos) /Schwarz=0.39.  Fehler:       	---       	Schwarz=5     Ungenau:       	---       	Schwarz=3     OK:         	Weiß=11    	Schwarz=5     Bester:       	Weiß=4     	---} 1-0